 Dungeon Crawl Stone Soup version 0.24-a0-479-g9a978d2 (webtiles) character file.

Game seed: 12120865437218458146

224 StrangeLoop the Poker (level 5, -1/48 HPs)
             Began as a Minotaur Berserker on July 9, 2019.
             Was a Believer of Trog.
             Hit by a silver boomerang thrown by an orc (4 damage)
             ... on level 3 of the Dungeon.
             The game lasted 00:14:49 (1185 turns).

StrangeLoop the Poker (Minotaur Berserker)          Turns: 1185, Time: 00:14:49

Health: -1/48      AC:  9    Str: 22    XL:     5   Next: 67%
Magic:  4/4        EV:  9    Int:  4    God:    Trog [**....]
Gold:   50         SH:  0    Dex: 10    Spells: 4/4 levels left

rFire    + + .     SeeInvis .   a - +0 spear
rCold    . . .     Gourm    .   (no shield)
rNeg     . . .     Faith    .   f - +0 chain mail
rPois    +         Spirit   .   (helmet restricted)
rElec    +         Reflect  .   (no cloak)
rCorr    +         Harm     .   (no gloves)
MR       .....                  (no boots)
Stlth    ..........             (no amulet)
HPRegen  0.16/turn              q - ring of fire
MPRegen  0.09/turn              (no ring)

@: resistant
A: retaliatory headbutt, horns 2
a: Berserk, Trog's Hand, Renounce Religion


You were on level 3 of the Dungeon.
You worshipped Trog.
Trog was pleased with you.
You were very hungry.

You visited 1 branch of the dungeon, and saw 3 of its levels.

You collected 50 gold pieces.

Inventory:

Hand Weapons
 a - a +0 spear (weapon)
 e - a +0 spear
 g - a +0 mace
 j - a +0 club
 k - a +0 whip
 r - a +0 hand axe
 t - a +0 club
Missiles
 d - 49 arrows
 i - 52 stones (quivered)
Armour
 b - a +0 animal skin
 f - a +0 chain mail (worn)
 n - a +0 leather armour
 s - a +0 ring mail
 u - a +0 leather armour
Jewellery
 q - a ring of fire (left hand)
Wands
 h - a wand of paralysis (10)
Scrolls
 l - a scroll of enchant armour {unknown}
 v - a scroll of teleportation {unknown}
Potions
 o - a potion of magic {unknown}
 p - a potion of might {unknown}
 w - a potion of heal wounds {unknown}
Comestibles
 c - 4 rations


   Skills:
 + Level 5.2 Fighting
 + Level 5.5 Polearms
 - Level 3.8 Armour
 - Level 3.1 Dodging


You had 4 spell levels left.
You didn't know any spells.
Your spell library was empty.

Dungeon Overview and Level Annotations

Branches:
Dungeon (3/15)

Altars:


Innate Abilities, Weirdness & Mutations

You reflexively headbutt those who attack you in melee.
You have a pair of horns on your head.


Message History

The weapon returns to the orc!
Found 20 gold pieces.
The orc throws a silver boomerang.
The silver boomerang barely misses you.
The weapon returns to the orc!
The orc throws a silver boomerang.
The silver boomerang closely misses you.
The weapon returns to the orc!
The orc throws a silver boomerang.
The silver boomerang hits you but does no damage.
* * * LOW HITPOINT WARNING * * *
The weapon returns to the orc!
The orc throws a silver boomerang.
The silver boomerang hits you but does no damage.
* * * LOW HITPOINT WARNING * * *
The weapon returns to the orc!
The orc throws a silver boomerang.
The silver boomerang closely misses you.
The weapon returns to the orc!
The orc throws a silver boomerang.
The silver boomerang hits you.
You die...

### ##### #..
#...########.#
#.#....o....####
#...######.....#
##.## #......#
####$# #.##.#@#
.....# #. ##..$#
###### #. ....##
#########.#.##.#
##...............#
##................#
..............<...#
...♣..............#
..♣.♣.............#


You could see an orc.

Vanquished Creatures
  An ogre (D:3)
  An orc priest (D:3)
  Robin (D:3)
  2 adders (D:2)
  4 oozes
  2 leopard geckos (D:1)
  3 orcs (D:3)
  4 giant cockroaches
  4 hobgoblins
  A quokka (D:2)
  6 bats
  2 frilled lizards
  15 goblins
  4 kobolds (D:1)
  10 rats
60 creatures vanquished.

Notes
Turn   | Place    | Note
-------+----------+-------------------------------------------
     0 | D:1      | StrangeLoop the Minotaur Berserker began the quest for the
                  | Orb.
     0 | D:1      | Reached XP level 1. HP: 19/19 MP: 0/0
    74 | D:1      | Reached XP level 2. HP: 14/27 MP: 1/1
   455 | D:1      | Reached XP level 3. HP: 16/33 MP: 2/2
   719 | D:1      | Reached ** piety under Trog
   960 | D:2      | Reached XP level 4. HP: 29/41 MP: 3/3
   984 | D:3      | Noticed an ogre
   985 | D:3      | Found a faded altar of an unknown god.
   997 | D:3      | Killed an ogre
   997 | D:3      | Reached skill level 5 in Polearms
   997 | D:3      | Reached XP level 5. HP: 14/47 MP: 4/4
  1015 | D:3      | Reached skill level 5 in Fighting
  1084 | D:3      | Noticed Robin
  1117 | D:3      | Killed Robin
  1181 | D:3      | HP: 2/48 [orc/silver boomerang (1)]
  1185 | D:3      | Hit by a silver boomerang thrown by an orc

Levels and vault maps discovered:
D:1:      onia_arrival_handbag, layout_basic
D:2:      layout_loops_cross, lemuel_tele_altar
D:3:      layout_loops_cross, lemuel_doored_altar,
          lemuel_coloured_pillars_altar, gammafunk_ghost_grave,
          chequers_ecumenical_altar_simple_redux, minmay_misc_feat_cross,
          hangedman_decor_clover_reticule, uniq_grinder, uniq_jessica,
          uniq_robin

Skill      XL: |  1  2  3  4  5 |
---------------+----------------+-----
Polearms       | 4 5 |  5.5
Fighting       | 4 5 |  5.2
Armour         | 3 |  3.8
Dodging        | 3 |  3.1

Action                   |  1- 3 |  4- 6 || total
-------------------------+-------+-------++-------
Melee: Spear             |   117 |    47 ||   164
       Headbutt          |    13 |    11 ||    24
Evoke: Wand              |       |     1 ||     1
  Use: Scroll            |     1 |       ||     1
       Potion            |       |     3 ||     3
Armor: Chain mail        |    66 |    36 ||   102
       Animal skin       |     1 |       ||     1
Dodge: Dodged            |    44 |    43 ||    87

Table legend:
 A = Non-vault XP
 B = Vault XP
 C = Vault XP percentage of total XP
 D = Non-vault monster count
 E = Vault monster count
 F = Vault count percentage of total count
                 A         B        C        D         E       F
            +---------+---------+-------+---------+---------+-------
      Total |     276 |      44 |  13.8 |      46 |      14 |  23.3
            +---------+---------+-------+---------+---------+-------
        D:1 |      53 |       8 |  13.1 |      27 |       3 |  10.0
        D:2 |      40 |       0 |   0.0 |      11 |       0 |   0.0
        D:3 |     183 |      36 |  16.4 |       8 |      11 |  57.9
            +---------+---------+-------+---------+---------+-------
